 Dungeon Crawl Stone Soup version 0.21-a0-185-g3a6ed1e (webtiles) character file.

4205 Lunath the Thaumaturge (level 10, -7/50 HPs)
             Began as a Deep Elf Fire Elementalist on Aug 12, 2017.
             Was a Priest of Vehumet.
             Mangled by a killer bee (9 damage)
             ... on level 8 of the Dungeon.
             The game lasted 00:31:56 (8646 turns).

Lunath the Thaumaturge (Deep Elf Fire Elementalist) Turns: 8646, Time: 00:31:56

Health: -7/50      AC:  1    Str:  5    XL:     10   Next: 8%
Magic:  10/24      EV: 17    Int: 24    God:    Vehumet [***...]
Gold:   431        SH:  0    Dex: 15    Spells: 10/26 levels left

rFire    . . .     SeeInvis +   B - +2 short sword (drain)
rCold    . . .     Gourm    .   (no shield)
rNeg     . . .     Faith    .   F - -2 robe (curse)
rPois    .         Spirit   .   (no helmet)
rElec    .         Reflect  .   (no cloak)
rCorr    .         Harm     .   (no gloves)
MR       +....                  s - +0 pair of boots
Stlth    +++.......             (no amulet)
HPRegen  0.16/turn              g - ring of see invisible
MPRegen  0.19/turn              q - ring of wizardry

@: lethally poisoned (-7 -> -22)
A: no striking features
a: Renounce Religion


You were on level 8 of the Dungeon.
You worshipped Vehumet.
Vehumet was most pleased with you.
You were not hungry.

You visited 2 branches of the dungeon, and saw 9 of its levels.

You collected 431 gold pieces.

Inventory:

Hand Weapons
 h - a +0 whip
 j - a +1 dagger of venom
 B - a +2 short sword of draining (weapon)
Armour
 a - a +0 buckler
 o - a +1 robe of magic resistance
 s - a +0 pair of boots (worn)
 F - a cursed -2 robe (worn)
Jewellery
 g - a ring of see invisible (left hand)
 q - a ring of wizardry (right hand)
Wands
 v - a wand of lightning (8/15)
 y - a wand of polymorph (11/24)
 E - a wand of polymorph (13/24)
Scrolls
 e - 2 scrolls of recharging
 f - a scroll of fog
 n - 2 scrolls of blinking
 r - 3 scrolls of teleportation
 w - 2 scrolls of enchant weapon
 H - a scroll of identify
 I - a scroll of fear {unknown}
Potions
 b - a potion of flight
 d - a potion of berserk rage
 i - 2 potions of haste
 m - 3 potions of curing {unknown}
 t - a potion of brilliance
 u - a potion of mutation
 x - a potion of lignification
 z - a potion of degeneration {unknown}
 A - a potion of agility {unknown}
 D - 2 potions of magic {unknown}
 G - 2 potions of ambrosia
Books
 k - a book of Minor Magic

   Spells                             Type                      Level
   a - Magic Dart                     Conjuration                  1
   b - Blink                          Translocation                2
   c - Call Imp                       Summoning                    2
   d - Slow                           Hexes                        2
   e - Conjure Flame                  Conjuration/Fire             3
   f - Mephitic Cloud                 Conjuration/Poison/Air       3
Comestibles
 c - 8 bread rations
 l - 8 meat rations
 p - a royal jelly


   Skills:
 + Level 7.8 Dodging
 + Level 6.1 Stealth
 + Level 3.3 Shields
 + Level 8.8 Spellcasting
 - Level 7.6 Conjurations
 - Level 8.4 Fire Magic


You had 10 spell levels left.
You knew the following spells:

 Your Spells              Type           Power        Failure   Level  Hunger
a - Flame Tongue          Conj/Fire      #####        1%          1    None
b - Throw Flame           Conj/Fire      #####.       1%          2    None
c - Conjure Flame         Conj/Fire      #####...     1%          3    None
d - Sticky Flame          Conj/Fire      #####...     1%          4    ##.....
e - Fireball              Conj/Fire      #####.....   1%          5    ####...
f - Sting                 Conj/Pois      ####         1%          1    None


Dungeon Overview and Level Annotations

Branches:
Dungeon (8/15)             Temple (1/1) D:7
   Lair: D:8-11

Altars:
Ashenzari
Cheibriados
Dithmenos
Elyvilon
Fedhas
Gozag
Hepliaklqana
Kikubaaqudgha
Makhleb
Nemelex Xobeh
Okawaru
Ru
Sif Muna
Trog
Uskayaw
Vehumet
Wu Jian
Xom
Yredelemnul
Lugonu


Message History

The sticky flame hits the killer bee.
You kill the killer bee!
Vehumet accepts your kill.
You feel your power returning.
You feel sick. The killer bee misses you.
Casting: Sticky Flame
Confirm with . or Enter, or press ? or * to list all spells.
Aiming: Sticky Flame
Press: ? - help, Shift-Dir - straight line, f - killer bee
Aim: a killer bee The sticky flame hits the killer bee.
The killer bee is heavily wounded.
The killer bee is covered in liquid flames!
You feel sick.
The killer bee burns!
The killer bee closely misses you. The killer bee stings you!
* * * LOW HITPOINT WARNING * * *
You are more poisoned.
The killer bee poisons you!
* * * LOW HITPOINT WARNING * * *
You feel sick.
The killer bee burns!
The killer bee stings you!
You die...

#.##.....# #.##.###.# #......#.#
###### # #.##.#[#(# #.....
#.#####.##.....# #.####
#.......####.### #######.###
...####.#### #.# #.........#
..y......######.#####.###.###.##
...####.K##.K†y@..........# #...
#yy.#.#############.###.## .
##(###..# #.....# #J #.. #.(..#
####### ##.# #K.###..#.#
#.l.##.#...#.#.# ..$..#J#..##.#
# .....Ko)...#)# ...........#.#


You could see a killer bee (burning) and a kobold.

Vanquished Creatures
  A hornet (D:8)
  A hippogriff (D:7)
  Sigmund (D:6)
  6 yaks (D:7)
  The ghost of namelastname112 the Skirmisher, an amateur DrWn (D:3)
  An orc warrior (D:8)
  2 ice beasts
  A black bear (D:7)
  3 ogres
  2 centaurs
  2 big kobolds
  2 bullfrogs
  A scorpion (D:4)
  4 killer bees (D:8)
  2 crimson imps
  2 bullfrog zombies
  A centaur skeleton (D:5)
  2 jellies
  7 orc priests
  5 hounds
  2 bullfrog skeletons
  10 orc wizards
  2 iguanas
  4 worker ants
  2 killer bee zombies
  A hound skeleton (D:4)
  7 gnolls (D:4)
  2 river rats (D:5)
  5 adders
  An ooze (D:3)
  An adder skeleton (D:5)
  2 worms
  7 leopard geckos
  38 orcs
  A ball python (D:4)
  4 bats (D:1)
  9 giant cockroaches
  10 hobgoblins
  2 jackals (D:1)
  11 kobolds
  2 quokkas
  6 frilled lizards
  A giant cockroach zombie (D:6)
  12 goblins
  A jackal skeleton (D:8)
  A quokka zombie (D:5)
  10 rats
201 creatures vanquished.

Notes
Turn   | Place    | Note
-------+----------+-------------------------------------------
     0 | D:1      | Lunath the Deep Elf Fire Elementalist began the quest for the Orb.
     0 | D:1      | Reached XP level 1. HP: 10/10 MP: 6/6
   217 | D:1      | Reached XP level 2. HP: 15/15 MP: 6/8
   221 | D:1      | Learned a level 2 spell: Throw Flame
   819 | D:1      | Reached XP level 3. HP: 19/19 MP: 6/10
   824 | D:1      | Learned a level 3 spell: Conjure Flame
  1992 | D:3      | Found a faded altar of an unknown god.
  2042 | D:3      | Reached XP level 4. HP: 20/24 MP: 5/11
  2264 | D:3      | Learned a level 4 spell: Sticky Flame
  2601 | D:3      | Noticed namelastname112's ghost (amateur DrWn)
  2616 | D:3      | Killed namelastname112's ghost
  2616 | D:3      | Reached skill level 5 in Fire Magic
  2616 | D:3      | Reached XP level 5. HP: 18/28 MP: 0/14
  2616 | D:3      | Reached XP level 6. HP: 20/32 MP: 0/15
  2875 | D:3      | Found an iron altar of Okawaru.
  3149 | D:4      | Found a radiant altar of Vehumet.
  3154 | D:4      | Reached skill level 5 in Spellcasting
  3271 | D:4      | Found a shadowy altar of Dithmenos.
  3277 | D:4      | Found a deep blue altar of Sif Muna.
  3279 | D:4      | Found a burning altar of Makhleb.
  3279 | D:4      | Found a shimmering altar of Xom.
  3280 | D:4      | Found an opulent altar of Gozag.
  3284 | D:4      | Became a worshipper of Vehumet
  3408 | D:4      | Reached XP level 7. HP: 23/36 MP: 2/16
  3688 | D:4      | Learned a level 5 spell: Fireball
  3819 | D:4      | Reached * piety under Vehumet
  3819 | D:4      | Offered knowledge of Shock by Vehumet.
  3819 | D:4      | Reached skill level 5 in Conjurations
  4667 | D:5      | Entered Level 5 of the Dungeon
  4730 | D:5      | Reached XP level 8. HP: 27/41 MP: 1/18
  4910 | D:5      | Reached skill level 5 in Dodging
  5262 | D:5      | Offered knowledge of Sting by Vehumet.
  5270 | D:5      | Reached ** piety under Vehumet
  5482 | D:5      | Learned a level 1 spell: Sting
  5488 | D:5      | Found an ornate altar of the Wu Jian Council.
  6482 | D:6      | Noticed Sigmund
  6488 | D:6      | Killed Sigmund
  6555 | D:6      | Found an ancient bone altar of Kikubaaqudgha.
  6620 | D:6      | Found a white marble altar of Elyvilon.
  6745 | D:7      | Reached XP level 9. HP: 20/45 MP: 21/21
  7044 | D:7      | Found a shattered altar of Ashenzari.
  7091 | D:7      | Reached skill level 1 in Shields
  7537 | D:7      | Offered knowledge of Throw Frost by Vehumet.
  7540 | D:7      | Reached skill level 5 in Stealth
  7634 | D:7      | Found a staircase to the Ecumenical Temple.
  7643 | Temple   | Entered the Ecumenical Temple
  7821 | D:7      | Found a hide-covered altar of Uskayaw.
  7822 | D:7      | Found a basalt altar of Yredelemnul.
  8281 | D:8      | Reached *** piety under Vehumet
  8388 | D:8      | Reached XP level 10. HP: 50/50 MP: 14/24
  8646 | D:8      | HP: 2/50 [poisoned by a killer bee]
  8646 | D:8      | Mangled by a killer bee

Vault maps used:
D:1:      dpeg_arrival_rhombus, serial_forest, infiniplex_forest_lined_2,
          infiniplex_forest_lined_3, infiniplex_forest_end_1,
          infiniplex_forest_lined_room_3, infiniplex_forest_diagonal,
          infiniplex_forest_corner_1, infiniplex_forest_lined_room_,
          item_on_display_a
D:3:      okawaru_gym_becter, chequers_ecumenical_altar_simple,
          minmay_ogre_servants
D:4:      grunt_temple_overflow_open, first_bread
D:5:      old_standard_altar, gup_sewer_entry_spiral
D:6:      kennysheep_mini_moat, nicolae_overflow_crystal_walls, minmay_holes,
          uniq_sigmund
D:7:      ashenzari_altar_1, chequers_temple_overflow_statue_of_worship,
          minmay_temple_entry_grid
D:8:      nicolae_qazlal_eye_of_the_storm, overflow_temple_1_default,
          marbit_many_paths
Temple:   corrupted_temple

Skill      XL: |  1  2  3  4  5  6  7  8  9 10 |
---------------+-------------------------------+-----
Fire Magic     | 4 5 7 8 |  8.4
Conjurations   | 2 3 4 5 7 |  7.6
Dodging        | 3 4 6 7 |  7.8
Spellcasting   | 4 5 6 8 |  8.8
Stealth        | 5 6 |  6.1
Shields        | 3 |  3.3

Action                   |  1- 3 |  4- 6 |  7- 9 | 10-12 || total
-------------------------+-------+-------+-------+-------++-------
Melee: Dagger            |    52 |    21 |    34 |       ||   107
       Short sword       |       |       |    21 |    10 ||    31
 Cast: Flame Tongue      |    27 |    52 |   169 |    12 ||   260
       Throw Flame       |    29 |    22 |    53 |     1 ||   105
       Conjure Flame     |     1 |     2 |     9 |     1 ||    13
       Sticky Flame      |       |     3 |    19 |     3 ||    25
       Sting             |       |       |    35 |     1 ||    36
       Fireball          |       |       |     1 |     3 ||     4
Evoke: Wand              |       |       |     3 |       ||     3
  Use: Scroll            |       |    14 |     5 |       ||    19
       Potion            |       |       |     1 |     1 ||     2
 Stab: Sleeping          |     5 |       |     2 |       ||     7
  Eat: Chunk             |     4 |     5 |    13 |     2 ||    24
       Bread ration      |       |       |     1 |       ||     1
Armor: Robe              |     4 |     1 |    10 |     2 ||    17
Dodge: Dodged            |    36 |    17 |    56 |    23 ||   132
